 Dungeon Crawl Stone Soup version 0.30-a0-168-g0b976cbdc4 (webtiles) character file.

Game seed: 11692521464797980456

82 qw the Chopper (level 4, 0/28 HPs)
             Began as a Gargoyle Fighter on Sept 29, 2022.
             Slain by an ice beast (13 damage)
             ... on level 5 of the Dungeon.
             The game lasted 00:00:43 (2164 turns).

qw the Chopper (Gargoyle Fighter)                   Turns: 2164, Time: 00:00:43

Health: 0/28       AC: 10    Str: 21    XL:     4   Next: 43%
Magic:  4/4        EV:  9    Int:  9    God:
Gold:   88         SH:  4    Dex:  9    Spells: 3/3 levels left

rFire   + . .      SeeInvis +    Y - +0 war axe
rCold   . . .      Faith    .    c - +0 buckler
rNeg    + . .      Spirit   .    b - +0 scale mail
rPois   inf        Reflect  .    (no helmet)
rElec   +          Harm     .    (no cloak)
rCorr   .          Rampage  .    (no gloves)
Will    .....                    (no boots)
Stlth   ..........               (no amulet)
HPRegen 0.09/turn                h - ring of protection from fire
MPRegen 0.09/turn                k - ring of see invisible

@: about to teleport
A: sickness immunity, AC +3, negative energy resistance 1, electricity
resistance, torment resistance 1, petrification resistance
a: no special abilities


You were on level 5 of the Dungeon.
You visited 1 branch of the dungeon, and saw 5 of its levels.

You collected 88 gold pieces.


Innate Abilities, Weirdness & Mutations

You are immune to sickness and miasma.
Your stone body is resilient. (AC +3)
You are immune to poison.
You resist negative energy. (rN+)
You are resistant to electric shocks. (rElec)
You are resistant to unholy torment.
You are immune to petrification.


   Skills:
 - Level 3.2 Fighting
 + Level 4.1 Axes
 - Level 3.2 Armour
 - Level 3.2 Shields


You had 3 spell levels left.
You didn't know any spells.
Your spell library was empty.

Inventory:

Hand Weapons
 m - a +0 mace
 Y - a +0 war axe (weapon)
Armour
 b - a +0 scale mail (worn)
 c - a +0 buckler (worn)
Jewellery
 h - a ring of protection from fire (left hand)
 k - a ring of see invisible (right hand)
Potions
 a - a potion of mutation {unknown}
 d - a potion of might
 e - a potion of resistance {unknown}

Dungeon Overview and Level Annotations

Branches:
Dungeon (6/15)
 Temple: D:4-7

Altars:


Message History

You slash the ice beast!
The ice beast is severely wounded.
The gnoll hits you but does no damage. The ice beast closely misses you.
The gnoll hits you from afar with a +0 spear.
A gnoll comes into view. It is wielding a +0 flail.
The gnoll shouts!
You closely miss the ice beast.
The ice beast is severely wounded.
You hit the gnoll. You block the ice beast's attack.
The gnoll hits you but does no damage. The gnoll barely misses you.
The gnoll hits you but does no damage.
The ice beast hits you but does no damage.
The gnoll hits you but does no damage. The gnoll hits you with a +0 flail!
The gnoll hits you but does no damage.
You hit the ice beast.
The ice beast is severely wounded.
You hit the gnoll. The gnoll barely misses you.
The gnoll hits you from afar with a +0 spear.
The ice beast barely misses you. The gnoll hits you with a +0 flail!
2162 ||| READING scroll of teleportation.
As you read the scroll of teleportation, it crumbles to dust.
You feel strangely unstable. You block the gnoll's attack.
You block the ice beast's attack. The ice beast closely misses you.
The gnoll barely misses you. The gnoll hits you with a +0 flail.
2163 ||| DRINKING potion of heal wounds.
You feel much better. You block the gnoll's attack.
The ice beast hits you but does no damage.
The ice beast barely misses you. The gnoll hits you but does no damage.
The gnoll completely misses you.
You barely miss the ice beast.
The ice beast is severely wounded.
You hit the ice beast but do no damage. You hit the gnoll.
You kill the gnoll!
The ice beast closely misses you.
The gnoll hits you from afar with a +0 spear.
The ice beast hits you. The ice beast freezes you!
You die...

(....##.# ..
#.......... ..###
#.?.....#.##.....
#................
..........#...
#...#......
#........#
#...<.Y.>#
#.#.#@...# #Y##.#
#gg#.# ...#..
....#### ......
....... ........#


You could see 2 ice beasts and 2 gnolls.

Vanquished Creatures
  2 gnolls (D:5)
  2 adders (D:2)
  A worm (D:2)
  2 dart slugs (D:1)
  5 endoplasms
  A giant cockroach (D:1)
  3 hobgoblins (D:1)
  5 jackals (D:1)
  A quokka (D:1)
  6 ball pythons
  3 bats (D:1)
  4 frilled lizards
  6 goblins
  5 kobolds
  A rat (D:1)
47 creatures vanquished.

Notes
Turn   | Place    | Note
-------+----------+-------------------------------------------
     0 | D:1      | qw the Gargoyle Fighter began the quest for the Orb.
     0 | D:1      | Reached XP level 1. HP: 14/14 MP: 1/1
     0 | D:1      | 0 ||| qw: Version: 0.2-a-12-gaebbb33
     0 | D:1      | 0 ||| qw: Game counter: 1115
     0 | D:1      | 0 ||| qw: Always use a shield: true
     0 | D:1      | 0 ||| qw: God list: Okawaru
     0 | D:1      | 0 ||| qw: Allow faded altars: false
     0 | D:1      | 0 ||| qw: Do Orc after D:15 true
     0 | D:1      | 0 ||| qw: Do second Lair branch before Depths: true
     0 | D:1      | 0 ||| qw: Lair rune preference: random
     0 | D:1      | 0 ||| qw: Plans: Normal, Zot:1-4, God:TSO, Crypt, Tomb,
                  | Pan, Slime:5, Hells, Abyss, Orb
     0 | D:1      | 0 ||| PLANNING D:1-11
    53 | D:1      | Reached skill level 2 in Axes
   326 | D:1      | Reached XP level 2. HP: 19/19 MP: 2/2
   494 | D:1      | Reached skill level 3 in Axes
   531 | D:1      | Found a faded altar of an unknown god.
   554 | D:1      | Reached XP level 3. HP: 19/23 MP: 3/3
   640 | D:1      | 640 ||| Stepping ~*~*~tactically~*~*~ (stealth).
   641 | D:1      | 641 ||| Stepping ~*~*~tactically~*~*~ (stealth).
   928 | D:1      | 928 ||| DROPPING orb of wrath.
   929 | D:1      | 929 ||| UPGRADING to ring of protection from fire.
   930 | D:1      | 930 ||| READING scroll labelled WESHRE AK POWA.
   931 | D:1      | 931 ||| READING 2 scrolls labelled DEXOBU RIXI.
   934 | D:1      | 934 ||| READING scroll labelled OGOT ZI NUGAST.
   935 | D:1      | 935 ||| READING scroll labelled JOBOBRE GUAMM.
  1036 | D:1      | 1036 ||| DRINKING 2 golden potions.
  1608 | D:2      | Reached XP level 4. HP: 18/28 MP: 4/4
  1825 | D:2      | Reached skill level 4 in Axes
  2051 | D:2      | 2051 ||| UPGRADING to ring of see invisible.
  2052 | D:2      | 2052 ||| READING scroll labelled NOHEACV YCOUNK.
  2053 | D:2      | 2053 ||| READING scroll labelled COIZAMN DOHIMU.
  2144 | D:3      | You fall into a shaft and drop 3 floors!
  2147 | D:6      | 2147 ||| FLEEEEING.
  2148 | D:6      | 2148 ||| STAIRDANCE
  2149 | D:5      | Entered Level 5 of the Dungeon
  2151 | D:5      | 2151 ||| Stepping ~*~*~tactically~*~*~ (hiding).
  2155 | D:5      | Noticed an ice beast
  2157 | D:5      | 2157 ||| FLEEEEING.
  2157 | D:5      | Noticed an ice beast
  2161 | D:5      | HP: 6/28 [gnoll/+0 flail (9)]
  2162 | D:5      | 2162 ||| READING scroll of teleportation.
  2162 | D:5      | HP: 2/28 [gnoll/+0 flail (4)]
  2163 | D:5      | 2163 ||| DRINKING potion of heal wounds.
  2164 | D:5      | Slain by an ice beast

Levels and vault maps discovered:
D:1:      lemuel_arrival_broad_hall, layout_basic,
          shapermc_ecumenical_altar_starsandcircs, minmay_box_of_dots
D:2:      kb_forest_paths, layout_basic, kennysheep_minor_cross
D:3:      layout_basic, mainiacjoe_overflow_catwalk_spiral, uniq_jessica
D:5:      layout_rooms, lemuel_zombie_altar_kikubaaqudgha,
          mainiacjoe_overflow_chevrons
D:6:      layout_basic, zin_academy, st_stairs_9, minmay_misc_feat_tower

Skill      XL: |  1  2  3  4 |
---------------+-------------+-----
Axes           | 2 3 4 |  4.1
Fighting       | |  3.2
Armour         | |  3.2
Shields        | |  3.2

Action                   |  1- 3 |  4- 6 || total
-------------------------+-------+-------++-------
Melee: War axe           |    93 |    21 ||   114
  Use: Scroll            |     4 |     3 ||     7
       Potion            |     1 |     1 ||     2
Armor: Scale mail        |    38 |    17 ||    55
Dodge: Dodged            |    24 |    15 ||    39
Block: Buckler           |    21 |     6 ||    27

Table legend:
 A = Non-vault XP
 B = Vault XP
 C = Vault XP percentage of total XP
 D = Non-vault monster count
 E = Vault monster count
 F = Vault count percentage of total count
                 A         B        C        D         E       F
            +---------+---------+-------+---------+---------+-------
      Total |      96 |      35 |  26.7 |      36 |      11 |  23.4
            +---------+---------+-------+---------+---------+-------
        D:1 |      40 |      11 |  21.6 |      24 |       5 |  17.2
        D:2 |      29 |      24 |  45.3 |      10 |       6 |  37.5
        D:5 |      27 |       0 |   0.0 |       2 |       0 |   0.0
            +---------+---------+-------+---------+---------+-------
